 Dungeon Crawl Stone Soup version 0.31-a0-818-ge7c7cf74f0 (webtiles) character file.

Game seed: 12301747870865787418

73 randomguy2701 the Gusty (level 4, 0/24 HPs)
             Began as a Tengu Air Elementalist on Sept 23, 2023.
             Blown up by Ijyb (7 damage)
             ... with a mindburst bolt
             ... on level 3 of the Dungeon.
             The game lasted 00:03:09 (2143 turns).

randomguy2701 the Gusty (Tengu Air Elementalist)    Turns: 2143, Time: 00:03:10

Health: 0/24       AC:  2    Str:  9    XL:     4   Next: 27%
Magic:  5/9        EV: 27    Int: 17    God:
Gold:   137        SH:  0    Dex: 14    Spells: 4/9 levels left

rFire   . . .        i - staff of air
rCold   . . .        (no shield)
rNeg    . . .        a - +0 robe
rPois   .            (helmet restricted)
rElec   +            (no cloak)
rCorr   .            (no gloves)
SInv    .            (boots unavailable)
Will    .....        (no amulet)
Stlth   ++           (no ring)
HPRegen 0.24/turn    (no ring)
MPRegen 0.11/turn

%: acrobat
@: acrobatic
A: beak, talons 3, acrobatic
a: no special abilities


You were on level 3 of the Dungeon.
You visited 1 branch of the dungeon, and saw 3 of its levels.

You collected 137 gold pieces.

Inventory:

Armour
 a - a +0 robe (worn)
Magical Staves
 i - a staff of air (weapon)
Jewellery
 k - an amulet of faith
 n - a ring of protection from cold
Wands
 h - a wand of digging (4)
Scrolls
 f - a scroll of vulnerability {unknown}
 g - a scroll of fog {unknown}
 l - a scroll of noise {unknown}
 o - a scroll of fear {unknown}
Potions
 b - 2 potions of magic
 c - 2 potions of curing {unknown}
 d - a potion of mutation {unknown}
 e - a potion of heal wounds {unknown}
 j - a potion of might {unknown}
 m - 2 potions of enlightenment {unknown}


   Skills:
 + Level 2.2 Dodging
 + Level 2.0 Stealth
 + Level 0.3 Unarmed Combat
 + Level 3.1 Spellcasting
 + Level 2.2 Conjurations
 + Level 5.0 Air Magic


You had 4 spell levels left.
You knew the following spells:

 Your Spells              Type           Power      Damage    Failure   Level
a - Shock                 Conj/Air       88%        1d8       4%          1
b - Airstrike             Air            14%        2d(3-19)  22%         4

Your spell library contained the following spells:

 Spells                   Type           Power      Damage    Failure   Level
 Static Discharge         Conj/Air       44%        2-4/arc   6%          2
 Swiftness                Air            29%        N/A       7%          3


Dungeon Overview and Level Annotations

Branches:
Dungeon (3/15)

Altars:

Annotations:
D:3 Ijyb


Innate Abilities, Weirdness & Mutations

You have a beak for a mouth.
You have claws for feet.
You can magically evade attacks while moving or waiting.


Message History

You can't see any susceptible monsters within range! (Use Z to cast anyway.)
You can't see any susceptible monsters within range! (Use Z to cast anyway.)
There is an escape hatch in the ceiling here.
Things that are here:
a +0 club; 2 stones You now have 137 gold pieces (gained 13).
Found a stone staircase leading up.
Unknown command.
A ball python comes into view.
A ball python is nearby!
You feel a surge of power!
The zap hits the ball python.
The ball python is severely wounded.
The ball python hisses angrily.
You feel a surge of power!
The zap hits the ball python.
You kill the ball python!
You can't see any susceptible monsters within range! (Use Z to cast anyway.) Ijyb the Twisted Goblin comes into view.
She is wielding a +4 spectral club and carrying a wand of mindburst.
Found a scroll labelled WORROPHOECS.
Found a stone staircase leading down and a stone staircase leading up.
Ijyb is nearby!
Ijyb is nearby!
Ijyb is nearby!
You feel a surge of power!
The zap hits Ijyb!
Ijyb is moderately wounded.
Ijyb shouts!
You hear a shout! x2; You hear an angry hiss.
You feel a surge of power!
The zap hits Ijyb but does no damage.
Ijyb is moderately wounded.
A jackal comes into view.
An orc comes into view. It is wielding a +0 club.
You feel a surge of power!
The zap hits Ijyb.
Ijyb is heavily wounded.
The jackal barks!
You feel a surge of power!
The zap hits Ijyb.
Ijyb is severely wounded.
Ijyb zaps a wand.
Your mind is blasted!
Ouch! That really hurt!
* * * LOW HITPOINT WARNING * * *
Unknown command.
Ijyb zaps a wand.
Your mind is blasted!
You die...

.....<........
?............
............
.o!..g<.... .....!....
#......... #.........
##......... #.@...h....
#.#........ #.#.......>
#####..........
######..............
....................
######.#............#
#####.................†
#.........#...........#


You could see Ijyb, an orc and a jackal.

Vanquished Creatures
  A gnoll (D:1)
  An adder (D:3)
  2 worms (D:2)
  A giant cockroach (D:2)
  6 goblins
  9 hobgoblins
  8 jackals
  3 kobolds
  A quokka (D:1)
  2 ball pythons
  5 bats
  A frilled lizard (D:2)
  2 rats (D:1)
42 creatures vanquished.

Notes
Turn   | Place    | Note
-------+----------+-------------------------------------------
     0 | D:1      | randomguy2701 the Tengu Air Elementalist began the quest
                  | for the Orb.
     0 | D:1      | Reached XP level 1. HP: 10/10 MP: 4/4
   187 | D:1      | Reached XP level 2. HP: 13/15 MP: 0/6
   724 | D:2      | Reached XP level 3. HP: 19/19 MP: 0/7
  1896 | D:1      | Reached XP level 4. HP: 24/24 MP: 3/9
  1901 | D:1      | Learned a level 4 spell: Airstrike
  2066 | D:3      | Reached skill level 5 in Air Magic
  2138 | D:3      | Noticed Ijyb
  2143 | D:3      | Blown up by Ijyb

Illustrated notes

Levels and vault maps discovered:
D:1:      minmay_arrival_open_corners, layout_rooms, corexii_corridor_pit
D:2:      layout_loops_cross, hangedman_decor_points,
          minmay_misc_feat_diagonals, minmay_goblin_kobold_house
D:3:      layout_rooms, uniq_ijyb

Skill      XL: |  1  2  3  4 |
---------------+-------------+-----
Conjurations   | 2 |  2.2
Spellcasting   | 3 |  3.1
Air Magic      | 5 |  5.0
Dodging        | |  2.2
Stealth        | |  2.0
Unarmed Combat | |  0.3

Action                     |  1- 3 |  4- 6 || total
---------------------------+-------+-------++-------
  Melee: Unarmed           |    14 |       ||    14
         Kick              |     4 |       ||     4
         Peck              |     2 |       ||     2
   Cast: Shock             |    91 |    14 ||   105
 Armour: Robe              |    12 |     4 ||    16
  Dodge: Dodged            |    16 |     3 ||    19

Table legend: (Time is in decaauts)
 A = Elapsed time spent in this place.
 B = Non-inter-level travel time spent in this place.
 C = Inter-level travel time spent in this place.
 D = Time resting spent in this place.
 E = Time spent auto-exploring this place.
 F = Levels seen in this place.
 G = Mean time per level.
                   A        B        C        D        E       F      G
               +--------+--------+--------+--------+--------+-----+--------+
         Total |   2142 |   1995 |    147 |      0 |   1766 |   3 |  714.0 |
       Dungeon |   2142 |   1995 |    147 |      0 |   1766 |   3 |  714.0 |
               +--------+--------+--------+--------+--------+-----+--------+

Top non-repeatable levels by time:
     D:2: 1144 daAuts
     D:1: 834 daAuts
     D:3: 162 daAuts
